AoeStats
← a.l.a.n.t

Coastal Forest

503242066Analyzed
4v4 RM · 1mo ago on Aug 30, 2026· 43m 41s· 8 players
Game mode
Random Map
Map size
Large (8 player)
Population
200
Speed
Normal
Resources
Standard
Victory
Conquest
Starting age
Dark Age
Ending age
Imperial Age
RankedLock teamsTeams togetherTeam positionsShared explorationLock speedFull tech treeHidden civsTurbo modeCheats
Victory
Defeat
🇦🇷 Malians · Argentina
1281
+14
🇦🇷 Vikings · Argentina
1277
+15
🇺🇾 Franks · Uruguay
1267
+15
🇬🇧 Ethiopians · United Kingdom
1250
+16
🇫🇷 Mongols · France
1292
-17
🇨🇦 Turks · Canada
1241
-15
🇬🇧 Italians · United Kingdom
1228
-14
🇬🇧 Magyars · United Kingdom
1228
-14
Gabriel93
4:54 Loom
11:27 Feudal Age
13:35 Double-Bit Axe
17:28 Castle Age
16:43 Scale Barding Armor
16:48 Forging
20:51 Chain Barding Armor
28:21 Gold Mining
31:06 Pikeman
32:51 Scale Mail Armor
33:27 Iron Casting
35:30 Husbandry
35:49 Chain Mail Armor
37:36 Wheelbarrow
40:59 Imperial Age
39:35 Fortified Wall
41:03 Halberdier
41:18 Cavalier
44:07 Chemistry
44:37 Plate Barding Armor
a.l.a.n.t
6:29 Loom
9:31 Feudal Age
10:10 Double-Bit Axe
14:13 Wheelbarrow
14:10 Fletching
19:39 Horse Collar
25:43 Castle Age
24:04 Padded Archer Armor
26:07 Crossbowman
26:48 Bodkin Arrow
28:05 Bow Saw
28:39 Leather Archer Armor
30:54 Ballistics
31:59 Thumb Ring
38:42 Imperial Age
37:39 Gold Mining
40:24 Chemistry
39:27 Bracer
39:27 Arbalester
Vinago
6:08 Loom
9:44 Feudal Age
15:51 Fletching
17:07 Padded Archer Armor
28:34 Castle Age
26:55 Man-at-Arms
28:28 Arson
29:16 Long Swordsman
30:01 Squires
30:02 Scale Mail Armor
30:12 Forging
30:20 Pikeman
33:06 Chain Mail Armor
33:40 Iron Casting
43:00 Double-Bit Axe
43:00 Horse Collar
ManCoVsky
8:36 Loom
11:01 Feudal Age
11:36 Double-Bit Axe
12:35 Horse Collar
18:39 Castle Age
17:39 Gold Mining
18:29 Scale Barding Armor
18:34 Forging
22:31 Chain Barding Armor
24:23 Iron Casting
25:40 Gold Shaft Mining
29:50 Pikeman
30:30 Squires
30:35 Scale Mail Armor
32:02 Chain Mail Armor
31:35 Town Watch
35:35 Imperial Age
33:11 Stone Mining
32:54 Man-at-Arms
33:20 Gambesons
33:40 Long Swordsman
35:41 Two-Handed Swordsman
35:43 Capped Ram
36:26 Town Patrol
37:40 Plate Mail Armor
38:15 Conscription
39:02 Chieftains
38:59 Siege Ram
39:36 Champion
41:27 Arson
44:41 Blast Furnace
48
3:13 Loom
10:21 Feudal Age
16:04 Castle Age
17:35 Husbandry
20:09 Forging
21:00 Horse Collar
23:06 Double-Bit Axe
24:32 Town Watch
26:59 Wheelbarrow
26:55 Bow Saw
26:48 Heavy Plow
28:38 Scale Barding Armor
28:59 Bloodlines
30:55 Chain Barding Armor
30:52 Fletching
34:12 Hand Cart
36:04 Iron Casting
39:01 Imperial Age
37:03 Thumb Ring
37:04 Bodkin Arrow
38:17 Sipahi
40:47 Parthian Tactics
40:57 Bracer
40:21 Heavy Cavalry Archer
43:16 Plate Barding Armor
43:35 Padded Archer Armor
Quintem
6:56 Loom
9:49 Feudal Age
12:47 Double-Bit Axe
13:52 Fletching
19:23 Wheelbarrow
18:56 Padded Archer Armor
26:10 Castle Age
27:12 Bow Saw
26:42 Crossbowman
27:18 Bodkin Arrow
30:40 Ballistics
30:26 Horse Collar
33:47 Leather Archer Armor
34:46 Thumb Ring
guillaumegbzh
10:23 Feudal Age
9:13 Loom
11:20 Double-Bit Axe
19:37 Castle Age
20:06 Fletching
21:05 Bow Saw
21:33 Medium Warships
27:03 Wheelbarrow
28:02 Scale Barding Armor
30:04 Husbandry
30:15 Bloodlines
30:30 Fishing Lines
31:10 Forging
32:12 Bodkin Arrow
32:18 Town Watch
35:10 Gillnets
36:19 Stone Mining
42:40 Imperial Age
40:47 Hand Cart
41:00 Chain Barding Armor
41:27 Iron Casting
43:16 Gold Mining
Thundah
10:16 Feudal Age
10:59 Double-Bit Axe
12:59 Horse Collar
20:20 Castle Age
18:35 Scale Barding Armor
24:04 Wheelbarrow
23:52 Bloodlines
24:19 Husbandry
24:36 Loom
25:20 Bow Saw
27:02 Heavy Plow
28:32 Gold Mining
31:07 Chain Barding Armor
31:47 Stone Mining
37:48 Corvinian Army
39:12 Murder Holes
39:39 Ballistics
Connection lost

Rejoining the realm…

Still unreachable

The connection could not be restored.

Session expired

The server has moved on; the page needs a fresh start.